Map: NeoHumanity LE

Players

Viperiol - Winner!

  • Race: Zerg Zerg
  • League: Bronze
  • Spawn Location: 11:00

Nasurden

  • Race: Protoss Protoss
  • League: Bronze
  • Spawn Location: 5:00

VOD

Have the link to the VOD?

Description

bottom of the barrel mmr playing. Im zerg and do some dumb cheesy stuff, build a corner base and forget it exists, and blow up some protoss in this insanely low bronze game on my journey to being a half decent player.

Time

  • Played on: Aug. 14, 2023, 3:38 a.m.
  • Length: 6:39
Show
View Real Time Build Order
Export as new Build Order

Viperiol Zerg - Winner!

Build Orders: Pool First 

Get SALT Encoding   

  12  0:01  Drone  
  13  0:19  Drone  
  14  0:22  Overlord  
  14  0:41  Drone x2  
  16  0:46  Spawning Pool  
  16  0:47  Drone  
  16  1:15  Hatchery  
  15  1:23  Drone x3  
  18  1:32  Queen  
  20  1:45  Extractor  
  19  1:49  Drone, Roach Warren  
  19  1:52  Zergling x2  
  20  2:01  Drone  
  21  2:08  Drone  
  22  2:40  Queen  
  22  2:42  Drone  
  22  2:43  Drone  
  26  2:46  Drone x2  
  27  2:51  Hatchery  
  27  2:52  Overlord  
  26  3:06  Overlord  
  26  3:13  Drone x2  
  26  3:18  Lair  
  28  3:23  Drone x3  
  31  3:44  Roach x5  
  41  3:53  Roach  
  43  3:59  Extractor  
  43  4:02  Extractor, Drone  
  42  4:06  Overlord  
  42  4:09  Overlord  
  42  4:28  Drone x2  
  44  4:38  Zergling x2  
  44  4:39  Zergling x4  
  47  4:47  Spine Crawler x2  
  47  4:49  Spine Crawler  
  44  5:00  Overlord  
  44  5:04  Zergling x8  
  48  5:25  Roach x7  
Show
View Real Time Build Order
Export as new Build Order

Nasurden Protoss 

Build Orders: Double Forge 

Get SALT Encoding   

  12  0:02  Probe (Chrono Boost)  
  13  0:16  Probe (Chrono Boost)  
  13  0:17  Pylon  
  14  0:26  Probe  
  15  0:40  Gateway  
  15  0:44  Probe  
  16  0:56  Probe  
  17  0:57  Assimilator  
  17  1:05  Assimilator  
  17  1:11  Pylon  
  17  1:16  Probe  
  18  1:29  Zealot  
  20  1:37  Probe (Chrono Boost)  
  21  1:49  Cybernetics Core  
  21  1:54  Pylon  
  21  2:02  Forge  
  21  2:05  Probe (Chrono Boost)  
  25  2:17  Probe (Chrono Boost)  
  25  2:22  Probe (Chrono Boost)  
  25  2:27  Sentry  
  26  2:36  Forge  
  26  2:40  Photon Cannon  
  26  2:47  Forge  
  26  2:53  Stalker  
  28  3:00  Protoss Shields Level 1  
  28  3:10  Probe  
  29  3:15  Protoss Ground Armor Level 1  
  29  3:22  Probe  
  29  3:25  Pylon  
  30  3:27  Stalker  
  32  3:34  Probe  
  32  3:38  Protoss Ground Weapons Level 1  
  33  3:55  Probe  
  34  3:57  Stalker  
  36  4:07  Probe  
  36  4:09  Photon Cannon  
  37  4:20  Probe (Chrono Boost)  
  38  4:27  Stalker  
  38  4:31  Probe (Chrono Boost)  
  41  4:35  Probe (Chrono Boost)  
  42  4:47  Probe  
  43  4:57  Stalker  
  41  5:30  Nexus  
  41  5:44  Gateway  
  41  5:51  Twilight Council  
  41  5:59  Robotics Facility  
  41  6:06  Gateway  
Tags
 
Add a new tag
Caveats
  • Supply blocks, unpowered buildings, or Contaminate may cause inaccurate times.
  • Supply counts are checked every 10 seconds.